 Dungeon Crawl Stone Soup version 0.31-a0-844-gdc52ec4e09 (webtiles) character file.

Game seed: 14113437707980682111

791 Kurtz the Cleaver (level 7, 46/46 HPs)
             Began as an Octopode Fighter on Sept 28, 2023.
             Was an Initiate of Fedhas.
             Quit the game in the Ecumenical Temple.
             The game lasted 00:04:45 (4812 turns).

Kurtz the Cleaver (Octopode Fighter)                Turns: 4812, Time: 00:04:45

Health: 46/46      AC:  1    Str: 15    XL:     7   Next: 88%
Magic:  7/7        EV: 12    Int: 17    God:    Fedhas [......]
Gold:   200        SH:  8    Dex: 13    Spells: 6/6 levels left

rFire   . . .        a - +0 war axe
rCold   . . .        k - +0 kite shield
rNeg    . . .        (helmet restricted)
rPois   .            (no amulet)
rElec   .            p - +6 ring of intelligence
rCorr   .            (no ring)
SInv    .            (no ring)
Will    .....        (no ring)
Stlth   ++           (no ring)
HPRegen 0.27/turn    (no ring)
MPRegen 0.10/turn    (no ring)
                     (no ring)

%: no passive effects
@: no status effects
A: almost no armour, amphibious, 8 rings, camouflage 1, gelatinous body 1,
(nimble swimmer 1), tentacles
a: Renounce Religion


You were in the Ecumenical Temple.
You worshipped Fedhas.
Fedhas was noncommittal.
You visited 2 branches of the dungeon, and saw 8 of its levels.

You collected 200 gold pieces.

Inventory:

Hand Weapons
 a - a +0 war axe (weapon)
 d - a +3 whip
Missiles
 q - 6 javelins (quivered)
Armour
 k - a +0 kite shield (worn)
Jewellery
 p - a +6 ring of intelligence (left tentacle)
Scrolls
 b - a scroll of enchant weapon {unknown}
 e - 2 scrolls of fear {unknown}
 f - 3 scrolls of revelation {unknown}
 g - a scroll of immolation {unknown}
 h - a scroll of amnesia {unknown}
 i - a scroll of enchant armour {unknown}
 j - 2 scrolls of blinking {unknown}
 l - 4 scrolls of identify {unknown}
 n - 3 scrolls of noise {unknown}
Potions
 c - a potion of might
 m - a potion of brilliance {unknown}
 o - 2 potions of curing


   Skills:
 - Level 3.0 Fighting
 * Level 8.5 Axes
 - Level 3.0 Dodging
 + Level 3.5 Shields


You had 6 spell levels left.
You didn't know any spells.
Your spell library contained the following spells:

 Spells                   Type           Power      Damage    Failure   Level
 Blink                    Tloc           0%         N/A       73%         2
 Lesser Beckoning         Tloc           0%         N/A       73%         2
 Momentum Strike          Conj/Tloc      0%         3d8       73%         2
 Hailstorm                Conj/Ice       0%         3d3       91%         3
 Summon Ice Beast         Ice/Summ       0%         N/A       100%        4
 Simulacrum               Ice/Necr       0%         N/A       100%        6


Dungeon Overview and Level Annotations

Branches:
Dungeon (7/15)             Temple (1/1) D:7

Altars:
Ashenzari
Cheibriados
Dithmenos
Elyvilon
Fedhas
Gozag
Hepliaklqana
Kikubaaqudgha
Makhleb
Nemelex Xobeh
Okawaru
Qazlal
Ru
Sif Muna
Uskayaw
Wu Jian
Xom
Yredelemnul
Zin
The Shining One

Shops:
D:3 ((=[

Annotations:
D:5 exclusions: downstairs and upstairs, Menkaure
D:6 Dowan, Duvessa


Innate Abilities, Weirdness & Mutations

You cannot wear most types of armour.
You are amphibious.
You can wear up to eight rings at the same time.
Your skin changes colour to match your surroundings (Stealth+).
Your rubbery body absorbs attacks. (AC +1, EV +1)
((You are camouflaged when in or above water. (Stealth+)))
You have tentacles for arms and can constrict up to eight enemies at once.


Message History

The centaur kicks you but does no damage.
You hit the centaur but do no damage.
The centaur is heavily wounded.
The centaur hits you.
* * * LOW HITPOINT WARNING * * *
The centaur kicks you.
* * * LOW HITPOINT WARNING * * *
The centaur hits you.
* * * LOW HITPOINT WARNING * * *
The centaur closely misses you.
You hit the centaur.
The centaur is severely wounded.
The centaur hits you.
* * * LOW HITPOINT WARNING * * *
The centaur closely misses you. The centaur hits you.
* * * LOW HITPOINT WARNING * * *
The centaur barely misses you.
It was a potion of curing.
You feel better. The centaur hits you.
* * * LOW HITPOINT WARNING * * *
The centaur kicks you but does no damage.
You block the centaur's attack. The centaur closely misses you.
You slash the centaur!
You kill the centaur!
Unknown command.
You now have 200 gold pieces (gained 14).
There is a staircase to the Ecumenical Temple here.
You climb downwards.
Welcome to the Ecumenical Temple!
Found a staircase back to the Dungeon.
There is a staircase back to the Dungeon here.
You start resting.
HP restored.
Search for what [Enter for "ja", or ? for help]? alt
Found a basalt altar of Yredelemnul and a sacrificial altar of Ru.
Found a sparkling altar of Nemelex Xobeh.
Found an ornate altar of the Wu Jian Council and a blossoming altar of Fedhas.
There is a blossoming altar of Fedhas here.
You curl up in front of the altar of Fedhas.
Fedhas welcomes you!
The plants of the dungeon cease their hostilities.
Are you sure you want to abandon this character and quit the game? (Confirm with "yes".)

### ##.## ##...# ##....###
##.....#.#####
##......#.....#####
##....@...#........####
##.........#............
##..........#..._........
##...._......#......._.... ####
#........._...#..........#
#..####............#.........##
#......####........#..._....#..
##.........####....#.......#...
#.............####.#.....#....


There were no monsters in sight!

Vanquished Creatures
  A black bear (D:6)
  A centaur (D:7)
  2 phantoms
  A bullfrog (D:5)
  A scorpion (D:5)
  2 hounds (D:5)
  A jelly (D:4)
  An iguana (D:5)
  Natasha (thrice) (D:2)
  Robin (D:4)
  4 adders
  3 gnolls (D:5)
  2 dart slugs
  8 orcs
  7 endoplasms
  A giant cockroach (D:2)
  9 goblins
  8 hobgoblins
  12 jackals
  5 kobolds
  4 quokkas
  2 ball pythons (D:3)
  7 bats
  4 frilled lizards
  3 rats
93 creatures vanquished.

Notes
Turn   | Place    | Note
-------+----------+-------------------------------------------
     0 | D:1      | Kurtz the Octopode Fighter began the quest for the Orb.
     0 | D:1      | Reached XP level 1. HP: 16/16 MP: 1/1
   230 | D:1      | Reached XP level 2. HP: 19/21 MP: 2/2
   393 | D:1      | Reached skill level 3 in Axes
   510 | D:1      | Found a faded altar of an unknown god.
   960 | D:2      | Reached XP level 3. HP: 21/26 MP: 3/3
  1039 | D:2      | Noticed Natasha
  1337 | D:2      | Killed Natasha
  1338 | D:2      | Reached skill level 4 in Axes
  1338 | D:2      | Reached XP level 4. HP: 31/31 MP: 4/4
  1415 | D:2      | Noticed Natasha
  1425 | D:2      | Killed Natasha
  1582 | D:2      | Noticed Natasha
  1586 | D:2      | Killed Natasha
  1587 | D:2      | Reached skill level 5 in Axes
  1587 | D:2      | Reached XP level 5. HP: 36/36 MP: 5/5
  1613 | D:3      | Found Gollihea's Jewellery Emporium.
  1656 | D:3      | Found Elauk's Antique Weapon Shop.
  1961 | D:3      | Noticed an animated crystal plate armour
  1965 | D:3      | Found Laocuish's Armour Shop.
  1967 | D:3      | Noticed an animated gold dragon scales
  2071 | D:3      | Found Emengat's Antique Weapon Shop.
  2129 | D:3      | Found a faded altar of an unknown god.
  2132 | D:3      | Found an opulent altar of Gozag.
  2135 | D:3      | Identified the +1 spear of the Harvest {flame, rPois Str+4
                  | Int+3}
  2748 | D:4      | Noticed a phantom
  2760 | D:4      | HP: 1/36 [phantom (5)]
  2763 | D:4      | Killed a phantom
  2764 | D:4      | Reached skill level 6 in Axes
  2764 | D:4      | Reached XP level 6. HP: 4/42 MP: 6/6
  3199 | D:4      | Noticed Robin
  3221 | D:4      | Killed Robin
  3511 | D:5      | Entered Level 5 of the Dungeon
  3511 | D:5      | Noticed a +0 short sword
  3511 | D:5      | Noticed a +0 falchion
  3512 | D:5      | Noticed a +0 falchion
  3557 | D:5      | Noticed a +0 dagger
  3557 | D:5      | Noticed a +0 spear
  3558 | D:5      | Noticed a +0 dagger
  3558 | D:5      | Noticed a +0 short sword
  3566 | D:5      | Noticed Menkaure
  3619 | D:5      | Noticed a +0 spear
  3623 | D:5      | Found a hide-covered altar of Uskayaw.
  3805 | D:5      | Reached skill level 7 in Axes
  3862 | D:5      | Reached XP level 7. HP: 36/46 MP: 7/7
  4280 | D:5      | Reached skill level 8 in Axes
  4423 | D:6      | Noticed Dowan
  4424 | D:6      | Noticed Duvessa
  4647 | D:7      | Found a staircase to the Ecumenical Temple.
  4677 | Temple   | Entered the Ecumenical Temple
  4811 | Temple   | Became a worshipper of Fedhas Madash
  4812 | Temple   | Quit the game

Illustrated notes

Levels and vault maps discovered:
D:1:      minmay_arrival_solitary_statue, layout_loops_corners,
          ebering_ecumenical_altar_mist
D:2:      layout_basic, minmay_stone_trees_medium, uniq_natasha
D:3:      layout_rooms, nicolae_overflow_ecumenical_swirl, serial_shops,
          nicolae_shop_statue_plus, nicolae_shop_mannequins,
          nicolae_shop_back_alley_shop, shop, minivault_19, serial_bayou_pond_a,
          kennysheep_donut, grunt_decor_one_mirror, st_stairs_3
D:4:      cheibrodos_barr_body, layout_layer_cave, uniq_robin
D:5:      layout_gridville, nicolae_uskayaw_en_pointe, uniq_menkaure
D:6:      layout_loops_cross, trog_book, uniq_crazy_yiuf_cottage, uniq_duvessa
D:7:      layout_rooms, minmay_temple_entry_waves
Temple:   mainiacjoe_temple_coin_purse

Skill      XL: |  1  2  3  4  5  6  7 |
---------------+----------------------+-----
Axes           | 3 4 5 6 7 8 |  8.5
Fighting       | |  3.0
Dodging        | |  3.0
Shields        | |  3.5

Action                     |  1- 3 |  4- 6 |  7- 9 || total
---------------------------+-------+-------+-------++-------
  Melee: War axe           |    60 |   115 |    31 ||   206
         Tentacles         |    11 |    16 |     9 ||    36
         Constrict         |    11 |    23 |     4 ||    38
         Punch             |       |     3 |       ||     3
  Throw: Javelin           |       |       |     2 ||     2
    Use: Potion            |       |     2 |     1 ||     3
   Stab: Sleeping          |     8 |    11 |       ||    19
 Armour: Skin              |    27 |    44 |    32 ||   103
  Dodge: Dodged            |    21 |    57 |    25 ||   103
  Block: Buckler           |    14 |       |       ||    14
         Kite shield       |     1 |    49 |    20 ||    70

Table legend: (Time is in decaauts)
 A = Elapsed time spent in this place.
 B = Non-inter-level travel time spent in this place.
 C = Inter-level travel time spent in this place.
 D = Time resting spent in this place.
 E = Time spent auto-exploring this place.
 F = Levels seen in this place.
 G = Mean time per level.
                   A        B        C        D        E       F      G
               +--------+--------+--------+--------+--------+-----+--------+
         Total |   4902 |   4701 |    201 |   1088 |   2849 |   8 |  612.8 |
       Dungeon |   4767 |   4578 |    189 |    967 |   2849 |   7 |  681.0 |
        Temple |    134 |    122 |     12 |    121 |      0 |   1 |  134.0 |
               +--------+--------+--------+--------+--------+-----+--------+

Top non-repeatable levels by time:
     D:4: 1321 daAuts
     D:1: 963 daAuts
     D:5: 944 daAuts
     D:2: 659 daAuts
     D:3: 641 daAuts
     D:6: 201 daAuts
  Temple: 134 daAuts
     D:7: 34 daAuts
